 Dungeon Crawl Stone Soup version 0.32-a0-305-gcc768c7156 (webtiles) character file.

Game seed: 11628367133699540006

265862 seren the Metamorph (level 19, -12/221 HPs)
             Began as a Red Draconian Shapeshifter on Feb 13, 2024.
             Was a High Priest of Wu Jian.
             Mangled by a vault warden
             ... wielding a +0 war axe
              (50 damage)
             ... on level 3 of the Vaults on Feb 14, 2024.
             The game lasted 02:37:11 (42051 turns).

seren the Metamorph (Red Draconian Shapeshifter)   Turns: 42051, Time: 02:37:12

Health: -12/221    AC: 34    Str: 21    XL:     19   Next: 31%
Magic:  28/28      EV: 17    Int: 11    God:    Wu Jian [*****.]
Gold:   1239       SH: 10    Dex: 14    Spells: 13/22 levels left

rFire   + +          .
                       - Unarmed
rCold   + . .        d - +0 kite shield {reflect}
rNeg    + + .        (body armour unavailable)
rPois   ∞            F - +0 hat "Amikhemm" {rN+ MP+9}
rElec   +            u - +2 cloak {Stlth+}
rCorr   .            q - melded +2 pair of gloves {hurl}
SInv    .            E - melded +1 pair of boots of Icoluci {rElec rN+}
Will    ++...        Z - amulet of regeneration
Stlth   ++++         Y - ring of willpower
HPRegen 1.36/turn    Q - ring of protection from cold
MPRegen 0.21/turn

%: reflection
@: statue-form, studying Maces & Flails, invisible, very slow
A: slow and powerful, torment resistance 1, boosted hp, (breathe fire), AC +10,
unfitting armour, fire resistance 1, cold-blooded, low MP 1
}: 2/15 runes: decaying, gossamer
a: Begin Untransformation, Renounce Religion, Wall Jump, Serpent's Lash,
Heavenly Storm


You were on level 3 of the Vaults.
You worshipped Wu Jian.
Wu Jian was extremely pleased with you.
You were a living statue of rough stone.
You visited 7 branches of the dungeon, and saw 34 of its levels.
You also visited: Ice Cave.

You collected 3949 gold pieces.
You spent 2710 gold pieces at shops.

Inventory:

Missiles
 v - 8 curare-tipped darts
 y - 6 silver javelins (quivered)
Armour
 d - a +0 kite shield of reflection (worn)
 q - a +2 pair of gloves of hurling (melded)
 u - a +2 cloak of stealth (worn)
 E - the +1 pair of boots of Icoluci (melded) {rElec rN+}
   (You bought it in a shop on level 3 of the Dungeon)

   rElec:     It insulates you from electricity.
   rN+:       It protects you from negative energy.
 F - the +0 hat "Amikhemm" (worn) {rN+ MP+9}
   (You acquired it on level 1 of the Lair of Beasts)

   rN+:       It protects you from negative energy.
   MP+9:      It affects your magic capacity (+9).
Jewellery
 m - a ring of flight
 p - a +5 ring of evasion
 w - a ring of see invisible
 x - a ring of positive energy
 A - an amulet of reflection
 Q - a ring of protection from cold (right fist)
 T - a ring of resist corrosion
 Y - a ring of willpower (left fist)
 Z - an amulet of regeneration (around neck)
Talismans
 b - the granite talisman "Turuge Ginim" (active) {rF+}
   (You bought it in a shop on level 2 of the Orcish Mines)

   [granite talisman]

   rF+:       It protects you from fire.
 c - a flux talisman
Wands
 i - a wand of charming (8)
 J - a wand of flame (37)
 O - a wand of roots (37)
 X - a wand of mindburst (8)
Scrolls
 f - 3 scrolls of revelation
 h - 4 scrolls of immolation
 n - 4 scrolls of poison
 o - 2 scrolls of summoning
 r - a scroll of torment
 t - 6 scrolls of teleportation {!r}
 z - 3 scrolls of fear
 D - 4 scrolls of blinking {!r}
 M - a scroll of brand weapon
 R - a scroll of fog
Potions
 a - 8 potions of lignification
 e - 5 potions of curing
 k - 4 potions of haste
 l - 5 potions of cancellation
 s - 10 potions of mutation {!q}
 B - a potion of heal wounds
 H - 2 potions of magic
 I - 2 potions of berserk rage
 L - 10 potions of ambrosia
 P - 3 potions of enlightenment
 W - a potion of resistance
Miscellaneous
 N - a phantom mirror


   Skills:
 + Level 15.5 Fighting
 + Level 13.2 Dodging
 - Level 4.0 Stealth
 * Level 5.9 Shields
 + Level 16.8 Unarmed Combat
 - Level 2.0 Spellcasting
 + Level 9.7 Fire Magic
 - Level 8.0 Evocations
 * Level 19.9 Shapeshifting


You had 13 spell levels left.
You knew the following spells:

 Your Spells              Type           Power      Damage    Failure   Level
a - Foxfire               Conj/Fire      44%        2x1d6     9%          1
b - Flame Wave            Conj/Fire      11%        2d6       63%         4
c - Sticky Flame          Fire/Alch      11%        2d5       63%         4

Your spell library contained the following spells:

 Spells                   Type           Power      Damage    Failure   Level
 Scorch                   Fire           44%        2d6       1%          2
 Shock                    Conj/Air       4%         1d3       52%         1
 Ignite Poison            Fire/Alch      11%        N/A       63%         4
 Blink                    Tloc           2%         N/A       67%         2
 Call Imp                 Summ           2%         N/A       67%         2
 Lesser Beckoning         Tloc           2%         N/A       67%         2
 Momentum Strike          Conj/Tloc      2%         3d8       67%         2
 Call Canine Familiar     Summ           1%         N/A       88%         3
 Frozen Ramparts          Ice            2%         1d1       88%         3
 Hailstorm                Conj/Ice       1%         3d5       88%         3
 Ozocubu's Armour         Ice            1%         N/A       88%         3
 Sigil of Binding         Hex            1%         N/A       88%         3
 Summon Ice Beast         Ice/Summ       1%         N/A       88%         3
 Swiftness                Air            1%         N/A       88%         3
 Tukima's Dance           Hex            1%         N/A       88%         3
 Airstrike                Air            0%         2d(1-17)  99%         4
 Dimensional Bullseye     Hex/Tloc       0%         N/A       99%         4
 Iskenderun's Mystic Bla  Conj/Tloc      1%         2d3       99%         4
 Leda's Liquefaction      Alch/Erth      0%         N/A       99%         4
 Olgreb's Toxic Radiance  Alch           1%         N/A       99%         4
 Petrify                  Alch/Erth      1%         N/A       99%         4
 Metabolic Englaciation   Hex/Ice        0%         N/A       100%        5
 Plasma Beam              Fire/Air       5%         2x1d16    100%        6
 Starburst                Conj/Fire      5%         6d4       100%        6
 Summon Cactus Giant      Summ           0%         N/A       100%        6
 Haunt                    Necr/Summ      0%         N/A       100%        7
 Ozocubu's Refrigeration  Ice            0%         4d7       100%        7
 Summon Hydra             Summ           0%         N/A       100%        7
 Borgnjor's Revivificati  Necr           0%         N/A       100%        8
 Discord                  Hex            0%         N/A       100%        8
 Ignition                 Fire           11%        3d5       100%        8
 Death's Door             Necr           0%         N/A       100%        9
 Sublimation of Blood     Necr           Unusable   N/A       N/A         2

Dungeon Overview and Level Annotations

Branches:
Dungeon (15/15)            Temple (1/1) D:7            Lair (5/5) D:8
  Swamp (4/4) Lair:2       Spider (4/4) Lair:2        Slime (0/5) Lair:4
    Orc (2/2) D:10            Elf (0/3) Orc:2        Vaults (3/5) D:13
 Depths (0/4) D:15          IceCv (visited)
  Crypt: Vaults:2-3

Altars:
Ashenzari
Cheibriados
Dithmenos
Elyvilon
Fedhas
Gozag
Hepliaklqana
Kikubaaqudgha
Makhleb
Nemelex Xobeh
Okawaru
Qazlal
Ru
Sif Muna
Trog
Uskayaw
Vehumet
Wu Jian
Xom
Yredelemnul
Zin
The Shining One
Beogh
Jiyva

Shops:
D:2 [   D:3 [   D:7 (*   D:9 *   D:12 *   D:14 =   Orc:2 *[(=   Vaults:1 ?([[
Vaults:2 [

Annotations:
Lair:1 Sonja
Lair:2 exclusion: 2 oklob plants
Lair:3 exclusions: downstairs and skyshark
Lair:4 exclusion: oklob plant
Swamp:2 Aizul
Swamp:3 exclusion: downstairs
Swamp:4 3 runed translucent doors, ZZKoverts's ghost, adept FoFi
Spider:1 exclusion: downstairs


Innate Abilities, Weirdness & Mutations

You are a living statue of rough stone.
Your actions are slow, but your melee attacks are powerful.
You are resistant to unholy torment.
Your maximum health is greatly increased.
Your equipment is partially melded.
((You can breathe blasts of fire.))
((Your fiery red scales are hard. (AC +10)))
You cannot fit into any form of body armour.
You are immune to poison.
Your flesh is heat resistant. (rF+)
You are cold-blooded and may be slowed by cold attacks.
Your magical capacity is low. (-10% MP)


Message History

You bump into the stone wall.
The vault guard hits you but does no damage.
The ironbound preserver casts a spell.
The ironbound preserver is healed somewhat.
The vault warden hits you with a +0 war axe!!
* * * LOW HITPOINT WARNING * * *
The enormous slime creature misses you.
The ironbound preserver hits you with a +0 great mace!!
* * * LOW HITPOINT WARNING * * *
The vault warden closely misses you.
The vault guard hits you but does no damage.
You are too confused!
Unknown command.
You feel much better.
Two slime creatures merge to form a titanic slime creature.
The vault guard completely misses you.
The ironbound preserver barely misses you.
The vault warden barely misses you.
Electricity crackles from the ironbound thunderhulk's apparatus.
The bolt of lightning hits you. You resist.
* * * LOW HITPOINT WARNING * * *
You fade into invisibility!
You feel less invigorated.
You feel less confused.
The vault guard hits you with a +0 great sword.
* * * LOW HITPOINT WARNING * * *
The ironbound preserver misses you.
The vault warden hits you with a +0 war axe!!
* * * LOW HITPOINT WARNING * * *
You block the titanic slime creature's attack.
The vault guard hits you but does no damage.
You block the ironbound preserver's attack.
The vault warden hits you with a +0 war axe!!
* * * LOW HITPOINT WARNING * * *
You hit the vault warden but do no damage.
The vault warden is moderately wounded.
A titanic slime creature splits.
The ironbound preserver barely misses you.
The vault warden hits you with a +0 war axe!!!
You die...

############
...........#
....#.#..OZ#
. # #.Jpp#
#.pJI#
#...###p+
#$... ..#
##... ##.#
..#$# ..#
J>.## ..# ..
..# ...#


You could see an ironbound preserver (unable to see you), a vault warden
(strong, sheltered), an ironbound thunderhulk (sheltered, unable to see you), a
vault guard, a very large slime creature (sheltered, unable to see you), a large
slime creature (sheltered, unable to see you), an ironbound convoker (sheltered,
unable to see you) and a sphinx zombie (unable to see you).

Vanquished Creatures
  An ancient lich (Vaults:2)
  Xtahua (Vaults:2)
  Boris (twice) (Vaults:1 Vaults:2)
  Saint Roka (Orc:2)
  A tentacled monstrosity (Swamp:3)
  Mlioglotl (Spider:2)
  A thorn hunter (Swamp:4)
  Agnes (Spider:1)
  The ghost of Dinoif the Deadly Accurate, an adept MfBr of Okawaru (Swamp:2)
  Donald (Vaults:1)
  10 emperor scorpions
  An iron dragon (Vaults:2)
  6 vault wardens
  Louise (D:15)
  2 ghost moths (Spider:4)
  3 broodmothers
  An orc warlord (Orc:2)
  6 ironbound thunderhulks
  4 ironbound preservers
  2 very ugly things
  A war gargoyle (Vaults:2)
  A deep elf death mage (Vaults:2)
  6 eleionomae
  5 bunyips
  6 dire elephants
  4 spark wasps
  2 green deaths (Swamp:4)
  2 crystal guardians (Vaults:2)
  4 yaktaur captains
  4 entropy weavers
  15 hydras
  4 vault guards
  4 great orbs of eyes
  A peacekeeper (Vaults:2)
  7 alligators
  2 hell beasts (Swamp:4)
  Harold (Orc:1)
  An ice dragon (Spider:2)
  2 jorogumos (Spider:3)
  2 catoblepae (Lair:5)
  10 centaur warriors
  2 radroaches
  Erica (Orc:1)
  A death knight (D:10)
  An ogre mage (Orc:2)
  A dancing weapon (D:13)
  A deep troll shaman (Lair:5)
  10 boulder beetles
  12 death yaks
  6 two-headed ogres
  3 ironbound frosthearts
  2 orc high priests (Orc:2)
  2 tengu warriors
  10 demonic crawlers
  Urug (D:10)
  6 spriggans
  Nergalle (Lair:3)
  A fire crab (Lair:4)
  7 pharaoh ants
  3 goliath frogs
  6 orb spiders
  12 deep trolls
  3 arcanists
  2 spriggan druids
  14 bog bodies
  5 ironbound convokers
  A spriggan simulacrum (IceCv)
  5 swamp dragons
  4 harpies (Vaults:1)
  22 wolf spiders
  A phantasmal warrior (Vaults:2)
  5 steelbarb worms
  8 lindwurms (Vaults:1)
  4 orc knights
  6 orc sorcerers
  A tengu skeleton (Vaults:3)
  25 ugly things
  3 deep elf pyromancers
  A necromancer (Vaults:2)
  3 moths of wrath
  2 cyclopes
  A manticore (D:14)
  An ice statue (Spider:2)
  9 meliai
  13 elephants
  6 vault sentinels
  4 will-o-the-wisps
  4 black mambas
  8 cane toads
  9 torpor snails
  3 large abominations (Swamp:4)
  A tengu conjurer (D:15)
  5 komodo dragons
  17 yaktaurs
  Psyche (D:8)
  An efreet (D:13)
  An ice devil (IceCv)
  A kobold demonologist (D:10)
  8 trolls
  A queen bee (Lair:4)
  8 tyrant leeches
  A polar bear (Lair:5)
  17 tarantellas
  7 hornets
  3 blink frogs (Lair:4)
  25 culicivoras
  6 shadows
  36 slime creatures
  Sigmund (D:3)
  26 jumping spiders
  A vampire (D:10)
  6 wyverns
  2 centaur simulacra
  3 wraiths
  7 basilisks
  66 yaks
  48 redbacks
  A yaktaur simulacrum (Vaults:3)
  A steam dragon (D:9)
  5 wargs
  2 minotaur simulacra (IceCv)
  15 vampire mosquitoes
  14 swamp worms
  3 acid dragons
  A naga (shapeshifter) (D:14)
  10 water moccasins
  An ice beast (D:5)
  2 swamp drakes (Swamp:2)
  7 black bears
  3 laughing skulls
  28 orc warriors
  2 sky beasts
  4 boggarts
  7 ogres
  20 wolves
  3 centaurs (D:14)
  3 phantoms
  3 kobold brigands
  9 bullfrogs
  2 gnoll sergeants
  6 scorpions
  7 wights
  24 killer bees
  5 howler monkeys
  3 electric eels (Lair:3)
  3 hounds
  2 jellies
  2 bombardier beetles
  22 orc priests
  A gnoll bouda (D:10)
  A sleepcap (D:4)
  5 iguanas
  18 orc wizards
  5 hell rats (Lair:4)
  16 gnolls
  5 adders
  2 white imps (D:6)
  A dart slug (D:2)
  A ribbon worm (D:2)
  61 orcs
  7 endoplasms
  8 giant cockroaches
  7 goblins
  10 hobgoblins
  4 jackals
  15 kobolds
  3 quokkas
  7 ball pythons
  5 bats
  4 frilled lizards (D:1)
  5 rats
1103 creatures vanquished.

Vanquished Creatures (others)
  An eleionoma (Swamp:4)
  A two-headed ogre (shapeshifter) (D:15)
  A wolf spider (Spider:3)
  A sky beast (D:7)
  A bullfrog (Lair:4)
  23 foxfires
28 creatures vanquished.

Grand Total: 1131 creatures vanquished

Notes
Turn   | Place    | Note
-------+----------+-------------------------------------------
     0 | D:1      | seren the Draconian Shapeshifter began the quest for the
                  | Orb.
     0 | D:1      | Reached XP level 1. HP: 16/16 MP: 1/1
   117 | D:1      | Found a faded altar of an unknown god.
   231 | D:1      | Reached XP level 2. HP: 23/23 MP: 2/2
   561 | D:1      | Reached XP level 3. HP: 28/29 MP: 3/3
   951 | D:2      | Reached XP level 4. HP: 35/36 MP: 4/4
  1143 | D:2      | Found Muocrev's Armour Boutique.
  1929 | D:3      | Noticed Sigmund
  2102 | D:3      | Reached XP level 5. HP: 42/42 MP: 5/5
  2185 | D:3      | Found Kiwkukh's Antique Armour Emporium.
  3014 | D:2      | Bought a +0 cloak of stealth for 161 gold pieces
  3371 | D:4      | Reached skill level 4 in Shapeshifting
  3379 | D:4      | Reached skill level 1 in Evocations
  3379 | D:4      | Reached XP level 6. HP: 24/51 MP: 6/6
  3581 | D:4      | Found a sacrificial altar of Ru.
  3581 | D:4      | Found a blossoming altar of Fedhas.
  4479 | D:5      | Entered Level 5 of the Dungeon
  4578 | D:5      | Your scales start taking on a fiery red colour.
  4578 | D:5      | Reached XP level 7. HP: 56/57 MP: 7/7
  4578 | D:5      | Gained mutation: Your flesh is heat resistant. (rF+) [Red
                  | Draconian growth]
  4849 | D:5      | Reached skill level 5 in Unarmed Combat
  4849 | D:5      | Reached skill level 5 in Shapeshifting
  5338 | D:4      | Reached XP level 8. HP: 53/67 MP: 8/8
  5646 | D:5      | Reached skill level 1 in Stealth
  5854 | D:6      | Reached skill level 6 in Shapeshifting
  6022 | D:5      | Reached skill level 5 in Fighting
  6365 | D:6      | Reached XP level 9. HP: 65/74 MP: 9/9
  6848 | D:6      | Found a hide-covered altar of Uskayaw.
  7057 | D:7      | Found Zin's Purification Station.
  7060 | D:7      | Found a glowing silver altar of Zin.
  7206 | D:7      | Reached skill level 5 in Dodging
  7206 | D:7      | Reached skill level 7 in Shapeshifting
  7842 | D:7      | Found a staircase to the Ecumenical Temple.
  7848 | Temple   | Entered the Ecumenical Temple
  7921 | Temple   | Became a worshipper of the Wu Jian Council
  8013 | D:7      | Found Oceeng's Antique Weapon Shop.
  9093 | D:3      | Bought a pair of faintly humming boots for 294 gold pieces
  9093 | D:3      | Identified the +1 pair of boots of Icoluci {rElec rN+} (You
                  | bought it in a shop on level 3 of the Dungeon)
  9353 | D:8      | Noticed Psyche
  9367 | D:8      | Killed Psyche
  9439 | D:8      | Found a staircase to the Lair.
  9451 | D:8      | Reached skill level 8 in Shapeshifting
  9773 | D:8      | Reached XP level 10. HP: 84/84 MP: 10/10
  9908 | D:9      | Found Piwin's Assorted Antiques.
  9992 | D:9      | Reached skill level 5 in Evocations
 10057 | D:9      | Found a shimmering blue altar of Sif Muna.
 10057 | D:9      | Found an opulent altar of Gozag.
 10595 | D:9      | Reached * piety under Wu Jian
 10631 | D:9      | Reached skill level 9 in Shapeshifting
 10960 | D:10     | Entered Level 10 of the Dungeon
 11080 | D:10     | Found a staircase to the Orcish Mines.
 11790 | D:10     | Noticed a centaur warrior
 11814 | D:10     | Noticed Urug
 11951 | Lair:1   | Entered Level 1 of the Lair of Beasts
 12068 | D:8      | Reached XP level 11. HP: 78/94 MP: 11/11
 12542 | Lair:1   | Noticed Sonja
 13167 | Lair:2   | Found a staircase to the Swamp.
 13167 | Lair:2   | Noticed a bog body
 13183 | Lair:2   | Killed a bog body
 13411 | Lair:2   | Reached ** piety under Wu Jian
 13412 | Lair:2   | Found a hole to the Spider Nest.
 13418 | Lair:2   | Reached skill level 10 in Shapeshifting
 13469 | Lair:2   | Found a shimmering altar of Xom.
 13781 | Lair:2   | Found a blossoming altar of Fedhas.
 13783 | Lair:2   | Noticed an oklob plant
 13783 | Lair:2   | Noticed an oklob plant
 14288 | Lair:3   | Noticed a boulder beetle
 14345 | Lair:3   | Noticed a skyshark
 14359 | Lair:3   | Noticed Nergalle
 14387 | Lair:3   | Killed Nergalle
 14398 | Lair:3   | Noticed a boulder beetle
 14463 | Lair:3   | Killed a boulder beetle
 14553 | Lair:3   | Reached XP level 12. HP: 105/105 MP: 12/12
 15133 | Lair:3   | Killed a boulder beetle
 15432 | Lair:4   | Noticed a death yak
 15433 | Lair:4   | Noticed a death yak
 15433 | Lair:4   | Noticed a death yak
 15446 | Lair:3   | Killed a death yak
 15447 | Lair:3   | Reached skill level 10 in Fighting
 15497 | Lair:4   | Noticed a six-headed hydra
 15707 | Lair:4   | Found a staircase to the Slime Pits.
 15707 | Lair:4   | Found a viscous altar of Jiyva.
 15741 | Lair:4   | Reached *** piety under Wu Jian
 15817 | Lair:4   | Reached skill level 10 in Unarmed Combat
 16012 | Lair:4   | Reached skill level 11 in Shapeshifting
 16016 | Lair:4   | Killed a six-headed hydra
 16313 | Lair:4   | Killed a death yak
 16439 | Lair:4   | Killed a death yak
 16630 | Lair:4   | Found a shadowy altar of Dithmenos.
 17125 | Lair:4   | Reached XP level 13. HP: 113/116 MP: 13/13
 17470 | Lair:5   | Entered Level 5 of the Lair of Beasts
 17695 | Lair:5   | Reached **** piety under Wu Jian
 17836 | Lair:5   | Found a glowing silver altar of Zin.
 18052 | Lair:5   | Reached skill level 10 in Dodging
 18054 | Lair:5   | Reached skill level 12 in Shapeshifting
 19573 | Lair:5   | Noticed a dire elephant
 19628 | Lair:5   | Killed a dire elephant
 19717 | Lair:5   | Identified the staff "Lica" {rPois Will+ Hexes Alchemy}
 19724 | Lair:5   | Got the Elucidation of the Wendigo
 19725 | Lair:5   | Identified the +1 spear "Aral" {elec, rPois rN++ Int+2}
 20043 | D:3      | Killed Sigmund
 20254 | Orc:1    | Entered Level 1 of the Orcish Mines
 20254 | Orc:1    | Noticed Erica
 20286 | Orc:1    | Killed Erica
 20522 | Orc:1    | Reached XP level 14. HP: 119/127 MP: 14/14
 20677 | Orc:1    | Found a roughly hewn altar of Beogh.
 20872 | Orc:2    | Entered Level 2 of the Orcish Mines
 21011 | Orc:2    | Found a staircase to the Elven Halls.
 21021 | Orc:1    | Noticed Harold
 21031 | Orc:1    | Killed Harold
 21210 | Orc:2    | Paralysed by an orc sorcerer for 5 turns
 21379 | Orc:2    | Noticed an orc warlord
 21409 | Orc:2    | Killed an orc warlord
 22005 | Orc:2    | Gained mutation: Your magical capacity is low. (-10% MP) [a
                  | neqoxec]
 22312 | Orc:2    | Noticed Saint Roka
 22586 | D:10     | Killed Urug
 22786 | D:11     | Reached ***** piety under Wu Jian
 23607 | D:11     | Reached skill level 13 in Shapeshifting
 24209 | D:12     | Found a faded altar of an unknown god.
 24644 | D:12     | Found Geotusm's Assorted Antiques.
 25426 | D:13     | You fall into a shaft and drop 2 floors!
 25426 | D:15     | Entered Level 15 of the Dungeon
 25452 | D:15     | Noticed Louise
 26407 | D:14     | Reached XP level 15. HP: 131/137 MP: 13/13
 26582 | D:13     | Found a gate to the Vaults.
 27459 | D:14     | Found Qodocw's Jewellery Emporium.
 27521 | D:14     | Reached ****** piety under Wu Jian
 28327 | D:15     | Killed Louise
 29636 | Orc:2    | Paralysed by an orc sorcerer for 3 turns
 29773 | Orc:2    | Reached skill level 14 in Shapeshifting
 30110 | Orc:2    | Paralysed by an orc sorcerer for 5 turns
 30313 | Orc:2    | Killed Saint Roka
 30473 | Orc:2    | Found a roughly hewn altar of Beogh.
 30476 | Orc:2    | Found Otiuqibe's Antique Armour Boutique.
 30490 | Orc:2    | Found Toystyh's General Store.
 30544 | Orc:2    | Bought a scroll of identify for 28 gold pieces
 30569 | Orc:2    | Found Wulybua's Jewellery Boutique.
 30627 | Orc:2    | Found Fixamnif's Antique Weapon Boutique.
 30731 | Orc:2    | Bought the granite talisman "Turuge Ginim" {rF+} for 2227
                  | gold pieces
 30975 | Lair:1   | Identified 2 scrolls of acquirement
 30977 | Lair:1   | Acquired the +0 cloak of Defence {Str+6}
 30981 | Lair:1   | Acquired the +0 hat "Amikhemm" {rN+ MP+9}
 31026 | Swamp:1  | Entered Level 1 of the Swamp
 31787 | Swamp:2  | Reached skill level 15 in Shapeshifting
 31813 | Swamp:2  | Identified the serpent talisman "Olauh" {rElec Int-2 Dex+2
                  | SInv}
 31813 | Swamp:2  | Noticed Aizul
 31855 | Swamp:2  | Learned a level 1 spell: Foxfire
 31901 | Swamp:2  | Reached skill level 1 in Fire Magic
 32036 | Swamp:2  | Reached skill level 1 in Spellcasting
 32077 | Swamp:2  | Reached XP level 16. HP: 147/147 MP: 15/15
 32103 | Swamp:2  | Found a runed translucent door.
 32104 | Swamp:2  | Noticed Dinoif's ghost (adept MfBr)
 32130 | Swamp:2  | Killed Dinoif's ghost
 32638 | Swamp:3  | Noticed a tentacled monstrosity
 32653 | Swamp:3  | Killed a tentacled monstrosity
 33017 | Swamp:4  | Entered Level 4 of the Swamp
 33035 | Swamp:4  | Found a runed translucent gate.
 33035 | Swamp:4  | Found a runed translucent gate.
 33035 | Swamp:4  | Found a runed translucent gate.
 33036 | Swamp:4  | Noticed ZZKoverts's ghost (adept FoFi)
 33114 | Swamp:4  | Noticed a thorn hunter
 33220 | Swamp:4  | Reached skill level 16 in Shapeshifting
 33369 | Swamp:4  | Killed a thorn hunter
 34138 | Swamp:4  | Got a decaying rune of Zot
 34308 | Spider:1 | Entered Level 1 of the Spider Nest
 34397 | Lair:2   | Reached skill level 17 in Shapeshifting
 34548 | Spider:1 | Reached XP level 17. HP: 154/154 MP: 18/18
 34818 | Spider:1 | Noticed Agnes
 34824 | Spider:1 | Killed Agnes
 35095 | Spider:1 | Reached skill level 15 in Unarmed Combat
 35287 | Spider:2 | Found a glacial archway.
 35308 | IceCv    | Entered an ice cave
 35625 | Spider:2 | Learned a level 4 spell: Flame Wave
 35714 | Spider:2 | Found a transporter.
 35714 | Spider:2 | Found a transporter.
 35773 | Spider:2 | Noticed Mlioglotl
 35872 | Spider:2 | Reached skill level 18 in Shapeshifting
 35900 | Spider:2 | Killed Mlioglotl
 36084 | Spider:2 | Got the +1 pair of boots of Zeogeuf {rCorr MP+9 Str+3}
 36216 | Spider:3 | Reached skill level 5 in Fire Magic
 36398 | Spider:4 | Entered Level 4 of the Spider Nest
 36993 | Spider:4 | Upgraded the game from 0.32-a0-290-g598725c5f2 to
                  | 0.32-a0-305-gcc768c7156
 37634 | Spider:4 | Reached XP level 18. HP: 161/161 MP: 18/18
 37766 | Spider:4 | Reached skill level 19 in Shapeshifting
 37878 | Spider:4 | Got a gossamer rune of Zot
 38263 | Vaults:1 | Entered Level 1 of the Vaults
 38297 | Vaults:1 | Found Sijow's Armour Emporium.
 38487 | Vaults:1 | Noticed Donald
 38494 | Vaults:1 | Killed Donald
 38581 | Vaults:1 | Reached skill level 1 in Shields
 38735 | Vaults:1 | Found Ukuc's Antique Armour Shoppe.
 39057 | Vaults:1 | Found Wirr's Magic Scroll Shop.
 39065 | Vaults:1 | Reached skill level 15 in Fighting
 39093 | Vaults:1 | Learned a level 4 spell: Sticky Flame
 39234 | Vaults:1 | Identified the +2 robe "Cowahed" {-Cast rF+ rN+}
 39234 | Vaults:1 | Noticed Boris
 39245 | Vaults:1 | Killed Boris
 39369 | Vaults:1 | Found Uciax's Antique Weapon Shop.
 39845 | Vaults:2 | Identified the +3 robe of the Grey Skies {rElec Int+7
                  | Slay-5 SInv}
 39845 | Vaults:2 | Noticed Boris
 40651 | Vaults:2 | Found Nol Lys's Armour Emporium.
 40651 | Vaults:2 | Noticed an ancient lich
 40651 | Vaults:2 | Noticed a dread lich
 40893 | Vaults:2 | Reached XP level 19. HP: 170/170 MP: 19/19
 40977 | Vaults:2 | Killed an ancient lich
 40978 | Vaults:2 | Reached skill level 5 in Shields
 41056 | Vaults:2 | Killed Boris
 41376 | Vaults:2 | Identified the +0 scale mail of Xuifoa {*Slow rN++ Str+3
                  | Stlth+}
 41443 | Vaults:2 | Noticed Xtahua
 41458 | Vaults:2 | Killed Xtahua
 41865 | Vaults:3 | Identified the +5 leather armour "Aceod" {rPois rN+}
 41877 | Vaults:3 | Identified the +6 morningstar "Axicix" {flame, Will+ rCorr
                  | Stlth-}
 42051 | Vaults:3 | Mangled by a vault warden

Illustrated notes

Levels and vault maps discovered:
D:1:      dpeg_arrival_snail, layout_loops_ring,
          ebering_ecumenical_altar_petrified
D:2:      layout_loops_corners, serial_shops, shop
D:3:      layout_basic, serial_shops, shop, grunt_ministairs_8,
          chequers_mini_garden, minmay_misc_feat_ornament, uniq_sigmund
D:4:      layout_loops_ring, nicolae_overflow_two_pavilions,
          minmay_misc_feat_secret_circle, nicolae_nh_ransacked_shop
D:5:      cheibrodos_quashed, layout_loops_ring
D:6:      layout_gridville, nicolae_uskayaw_suspiria
D:7:      layout_basic, zin_purify, minmay_temple_entry_sparse_star,
          serial_rivers, chequers_serial_rivers_small_3,
          chequers_serial_rivers_large_b, chequers_serial_rivers_micro_b,
          chequers_serial_rivers_small_3, chequers_serial_rivers_micro_b,
          chequers_serial_rivers_micro_d, serial_shops, nicolae_shop_crystal
D:8:      layout_loops_ring, david_lair_generic, uniq_psyche
D:9:      layout_stronghold, gammafunk_temple_overflow_statue, serial_shops,
          nicolae_square_shop, nicolae_titane
D:10:     minmay_klotski, layout_basic, orc_0_dummy, uniq_urug
D:11:     layout_roguey
D:12:     layout_stronghold, serial_shops, shop, serial_column_ruins,
          column_ruins_courtyard_long, column_ruins_temple_circle,
          column_ruins_grid_4, column_ruins_open_tiny,
          column_ruins_columns_corner, column_ruins_open_large
D:13:     layout_irregular_city, erik_vaults_1
D:14:     layout_stronghold, serial_shops, shop
D:15:     gammafunk_enter_depths_forms, layout_irregular_city, uniq_louise
Temple:   minmay_temple_bridge_d
Lair:1:   layout_regular_city, chequers_serial_rivers_micro_a, uniq_sonja
Lair:2:   layout_loops_ring, skrybe_swamp_entry_bodies, spider_nest_entry_a,
          basic_altar, hangedman_tree_tricks, serial_bayou_pond_e
Lair:3:   layout_chaotic_city, pdpol_lair_cavern_descent, uniq_nergalle
Lair:4:   layout_roguey [special_room_bee], slime_entry_1, lemuel_oklob_altar
Lair:5:   grunt_lair_end_beastmaster, layout_regular_city, basic_altar
Swamp:1:  layout_basic_swamp, evilmike_swamp_ruin_house_3
Swamp:2:  layout_falls_marsh, ebering_ghost_reflecting_pool,
          evilmike_swamp_ruin_house_5, uniq_aizul
Swamp:3:  layout_basic_swamp, serial_swamp_ruin, evilmike_swamp_ruin_rubble_1,
          evilmike_swamp_ruin_house_6, evilmike_swamp_ruin_rubble_2,
          infiniplex_staircase_pool
Swamp:4:  swamp_vile, layout_basic_swamp, gammafunk_ghost_necromancy
Spider:1: layout_spider_delve, uniq_agnes
Spider:2: gammafunk_boulding_lane, portal_ice_cave_entry_ice_statue_two,
          uniq_mlioglotl
Spider:3: nicolae_spider_obnoxious_hallway, hellmonk_spider_spawner
Spider:4: grunt_spider_rune_circles
Orc:1:    nicolae_orc_accident_2, layout_caves, uniq_harold, uniq_erica
Orc:2:    grunt_orc_cross, layout_diamond_mine,
          regret_index_minedec_shroomtown_chain, nicolae_orc_tapped_out
Vaults:1: vaults_mumra_hex, v_pattern_1, v_misc_9, nicolae_vaults_trapezoid_2,
          vaults_room_corners, nicolae_vaults_ring_of_whatevers, v_misc_8,
          ontoclasm_vaults_hangar, hangedman_vaults_impose, layout_vaults_maze,
          serial_shops, nicolae_square_shop, nicolae_shop_hallway_plus, shop,
          shop, uniq_donald, uniq_boris
Vaults:2: nicolae_vaults_security_offices_4, nicolae_vaults_apartment_1,
          ontoclasm_vaults_hangar, grunt_vaults_hallway_long,
          vaults_room_hallway, ontoclasm_vaults_hangar, nicolae_vaults_six-pack,
          vaults_mumra_minichess, vaults_room_pool, nicolae_vaults_house_2,
          dpeg_vaults_monster_box, layout_vaults_omnigrid, uniq_xtahua
Vaults:3: nicolae_vaults_six-pack, v_rooms_5, minmay_crypt_entry_simple_round,
          nicolae_vaults_what_the_h, nicolae_vaults_antechamber_and_loot_room,
          grunt_vaults_swirl, ontoclasm_vaults_fault, vaults_room_door_hall,
          layout_vaults_omnibox

Skill      XL: |  1  2  3  4  5  6  7  8  9 10 11 12 13 14 15 16 17 18 19 |
---------------+----------------------------------------------------------+-----
Dodging        | 2 3 4 5 6 8 9 10 11 12 13 | 13.2
Fighting       | 2 3 4 5 6 7 9 11 12 13 14 15 | 15.5
Unarmed Combat | 4 5 6 7 9 10 11 13 14 16 | 16.8
Shapeshifting  | 4 5 6 8 9 10 11 12 13 15 17 18 19 | 19.9
Evocations     | 1 2 3 4 5 7 8 |  8.0
Stealth        | 2 4 |  4.0
Fire Magic     | 2 4 7 9 |  9.7
Spellcasting   | 1 2 |  2.0
Shields        | 4 5 |  5.9

Action                     |  1- 3 |  4- 6 |  7- 9 | 10-12 | 13-15 | 16-18 | 19-21 || total
---------------------------+-------+-------+-------+-------+-------+-------+-------++-------
  Melee: Unarmed           |    82 |   163 |   322 |   791 |  1622 |  1517 |   156 ||  4653
         Tailslap          |     7 |    24 |    52 |   153 |   350 |   247 |    29 ||   862
         Punch             |       |     9 |     3 |       |     9 |   104 |       ||   125
  Throw: Dart              |       |       |     2 |       |       |     2 |       ||     4
   Cast: Foxfire           |       |       |       |       |       |     4 |       ||     4
 Invoke: Serpent's Lash    |       |       |       |       |     9 |     6 |     2 ||    17
         Heavenly Storm    |       |       |       |       |     1 |     2 |     1 ||     4
Ability: Begin Untransform |     2 |     1 |       |       |     2 |     5 |       ||    10
         Breathe Fire      |       |       |    13 |    10 |     4 |     2 |       ||    29
         Lunge             |       |       |     5 |    32 |    79 |    51 |     2 ||   169
         Whirlwind         |       |       |       |   136 |   325 |   442 |    58 ||   961
         Wall Jump         |       |       |       |       |     2 |     8 |     2 ||    12
  Evoke: Wand              |       |       |       |     1 |     4 |    19 |       ||    24
    Use: Scroll            |       |     7 |     3 |     3 |    17 |    10 |     4 ||    44
         Potion            |       |       |     1 |     1 |    12 |     6 |     5 ||    25
   Stab: Sleeping          |       |     4 |     1 |     1 |     3 |     6 |       ||    15
         Distracted        |       |       |       |     1 |     2 |     2 |       ||     5
         Petrified         |       |       |       |       |    13 |       |       ||    13
         Petrifying        |       |       |       |       |     1 |       |       ||     1
 Armour: Skin              |    31 |    81 |   136 |   303 |   549 |  1431 |   140 ||  2671
  Dodge: Dodged            |    36 |    95 |   218 |   588 |  1218 |  2179 |   110 ||  4444
  Block: Other             |       |       |    11 |   163 |   236 |       |       ||   410
         Reflection        |       |       |       |       |    11 |     9 |     3 ||    23
         Kite shield       |       |       |       |       |       |   151 |    74 ||   225
   Form: Beast             |     2 |     1 |       |       |       |       |       ||     3
         Flux              |       |       |     1 |       |       |       |       ||     1
         Statue            |       |       |       |       |     3 |     6 |       ||     9
                           |       |       |       |       |       |     1 |       ||     1

Table legend: (Time is in decaauts)
 A = Elapsed time spent in this place.
 B = Non-inter-level travel time spent in this place.
 C = Inter-level travel time spent in this place.
 D = Time resting spent in this place.
 E = Time spent auto-exploring this place.
 F = Levels seen in this place.
 G = Mean time per level.
                   A        B        C        D        E       F      G
               +--------+--------+--------+--------+--------+-----+--------+
         Total |  46966 |  42961 |   4005 |   6145 |  18562 |  35 | 1341.9 |
       Dungeon |  19501 |  17156 |   2345 |   2522 |   9921 |  15 | 1300.1 |
        Temple |    146 |      2 |    144 |      0 |      0 |   1 |  146.0 |
          Lair |   8151 |   7675 |    476 |   1324 |   3383 |   5 | 1630.2 |
         Swamp |   4944 |   4721 |    223 |    346 |   1702 |   4 | 1236.0 |
   Spider Nest |   5187 |   4912 |    275 |    346 |   1380 |   4 | 1296.8 |
  Orcish Mines |   3681 |   3607 |     74 |   1118 |   1052 |   2 | 1840.5 |
        Vaults |   5265 |   4799 |    466 |    456 |   1123 |   3 | 1755.0 |
      Ice Cave |     88 |     88 |      0 |     31 |      0 |   1 |   88.0 |
               +--------+--------+--------+--------+--------+-----+--------+

Top non-repeatable levels by time:
Vaults:2: 2790 daAuts
   Orc:2: 2558 daAuts
  Lair:5: 2295 daAuts
Vaults:1: 2144 daAuts
    D:10: 1901 daAuts
 Swamp:4: 1859 daAuts
    D:14: 1823 daAuts
  Lair:4: 1810 daAuts
     D:3: 1782 daAuts
Spider:4: 1580 daAuts
     D:5: 1515 daAuts
     D:7: 1488 daAuts
  Lair:3: 1433 daAuts
  Lair:2: 1432 daAuts
Spider:1: 1371 daAuts
